 Dungeon Crawl Stone Soup version 0.28.0-53-g5a82cb258f (webtiles) character file.

Game seed: 1450833484248487253

261 Zeld the Gusty (level 6, -1/32 HPs)
             Began as a Tengu Air Elementalist on June 14, 2022.
             Killed by divine providence
             ... invoked by an orc priest
              (7 damage)
             ... on level 4 of the Dungeon.
             The game lasted 00:04:05 (5918 turns).

Zeld the Gusty (Tengu Air Elementalist)             Turns: 5918, Time: 00:04:06

Health: -1/32      AC:  3    Str:  9    XL:     6   Next: 18%
Magic:  4/12       EV: 14    Int: 17    God:
Gold:   148        SH:  0    Dex: 14    Spells: 2/12 levels left

rFire   . . .      SeeInvis .   (no weapon)
rCold   . . .      Faith    .   (no shield)
rNeg    . . .      Spirit   .   a - +0 robe
rPois   .          Reflect  .   (helmet restricted)
rElec   .          Harm     .   (no cloak)
rCorr   .          Rampage  .   d - +0 pair of gloves
Will    .....                   (boots unavailable)
Stlth   ++........              (no amulet)
HPRegen 0.10/turn               (no ring)
MPRegen 0.13/turn               (no ring)

@: flying quickly and evasively, quick
A: beak, talons 3, nimble flight
a: no special abilities


You were on level 4 of the Dungeon.
You visited 1 branch of the dungeon, and saw 4 of its levels.

You collected 148 gold pieces.

Inventory:

Missiles
 b - 6 poisoned darts
Armour
 a - a +0 robe (worn)
 d - a +0 pair of gloves (worn)
Wands
 k - a wand of paralysis (7)
Scrolls
 f - a scroll of holy word {unknown}
 i - a scroll of teleportation {unknown}
 j - a scroll of identify {unknown}
 l - a scroll of vulnerability {unknown}
Potions
 c - 2 potions of curing {unknown}
 e - a potion of heal wounds {unknown}
 g - a potion of lignification {unknown}
 h - a potion of ambrosia {unknown}


   Skills:
 - Level 2.2 Dodging
 - Level 2.1 Stealth
 * Level 3.9 Spellcasting
 + Level 3.6 Conjurations
 * Level 6.3 Air Magic


You had 2 spell levels left.
You knew the following spells:

 Your Spells              Type           Power      Damage    Failure   Level
a - Shock                 Conj/Air       80%        1d8       1%          1
b - Static Discharge      Conj/Air       20%        N/A       3%          2
c - Swiftness             Air            24%        N/A       3%          3
d - Airstrike             Air            12%        N/A       12%         4

Your spell library contained the following spells:

 Spells                   Type           Power      Damage    Failure   Level
 Foxfire                  Conj/Fire      36%        2x1d5     8%          1
 Animate Skeleton         Necr           6%         N/A       16%         1
 Pain                     Necr           12%        1d4       16%         1
 Vampiric Draining        Necr           3%         2d6       43%         3


Dungeon Overview and Level Annotations

Branches:
Dungeon (4/15)
 Temple: D:4-7

Altars:
Kikubaaqudgha
Sif Muna
Trog
Uskayaw
Xom
The Shining One

Shops:
D:1 *


Innate Abilities, Weirdness & Mutations

You have a beak for a mouth.
You have claws for feet.
Your magical nature lets you fly swiftly and evasively.


Message History

The zap hits the orc priest.
The orc priest is moderately wounded.
The zap hits the adder.
The adder is moderately wounded.
The orc priest mumbles some strange prayers to Beogh against you.
Beogh smites you!
The zap hits the orc priest.
The orc priest is severely wounded.
The zap hits the orc priest.
The orc priest is moderately wounded.
The zap hits the adder.
The adder is severely wounded.
The orc priest calls upon Beogh to heal the orc priest.
The orc priest is healed somewhat.
The zap hits the orc priest.
The orc priest is severely wounded.
The zap hits the orc priest.
The orc priest is moderately wounded.
The zap misses the adder.
Unknown command.
The zap hits the orc priest.
You kill the orc priest!
The zap hits the orc priest.
The orc priest is severely wounded.
The zap hits the adder!
You kill the adder!
You have reached level 6!
Unknown command.
The zap misses the orc priest.
Unknown command.
The zap hits the orc priest.
The orc priest is severely wounded.
The orc priest calls down the wrath of Beogh upon you.
Beogh smites you!
* * * LOW HITPOINT WARNING * * *
Unknown command.
You are too injured to fight recklessly!
The orc priest mumbles some strange prayers to Beogh against you.
Beogh smites you!
You die...

.. #. #. #. #.#
#### #.# ...
#.#######.#####
#####
#.......@o..†.#
....#
##..######.###.#
###.####...## .#
##<..##.....# .#
#.#.#.##...## ..
...........# ##
..#)#.###.##
.#...## #.#
....## #+#


You could see an orc priest.

Vanquished Creatures
  A scorpion (D:4)
  A bullfrog zombie (D:3)
  An orc priest (D:4)
  A hound skeleton (D:4)
  4 adders
  A worm (D:2)
  2 dart slugs (D:1)
  3 orcs
  7 ball pythons
  4 bats (D:2)
  11 endoplasms
  2 giant cockroaches
  6 goblins
  11 hobgoblins
  4 jackals (D:2)
  8 kobolds
  5 quokkas
  2 frilled lizards (D:2)
  2 rats
76 creatures vanquished.

Notes
Turn   | Place    | Note
-------+----------+-------------------------------------------
     0 | D:1      | Zeld the Tengu Air Elementalist began the quest for the
                  | Orb.
     0 | D:1      | Reached XP level 1. HP: 10/10 MP: 4/4
   322 | D:1      | Reached XP level 2. HP: 15/15 MP: 3/6
   325 | D:1      | Learned a level 2 spell: Static Discharge
   362 | D:1      | Found a faded altar of an unknown god.
   370 | D:1      | Got Plato's Handbook of Blows and Bruises
  1132 | D:1      | Found Cuon's General Store.
  1139 | D:1      | Reached XP level 3. HP: 13/19 MP: 4/7
  1447 | D:1      | Learned a level 3 spell: Swiftness
  2465 | D:2      | Found a shimmering altar of Xom.
  2516 | D:2      | Identified the +6 scale mail of Esannoidgh {Str+4}
  2627 | D:2      | Reached skill level 5 in Air Magic
  2627 | D:2      | Reached XP level 4. HP: 24/24 MP: 6/9
  4620 | D:3      | Gained mutation: Your magical nature lets you fly swiftly
                  | and evasively. [Tengu growth]
  4620 | D:3      | Reached XP level 5. HP: 15/28 MP: 1/11
  4625 | D:3      | Learned a level 4 spell: Airstrike
  4941 | D:3      | Found an ancient bone altar of Kikubaaqudgha.
  4947 | D:3      | Found a hide-covered altar of Uskayaw.
  4950 | D:3      | Found a bloodstained altar of Trog.
  4952 | D:3      | Found a glowing golden altar of the Shining One.
  4955 | D:3      | Found a shimmering blue altar of Sif Muna.
  5501 | D:4      | Reached skill level 6 in Air Magic
  5916 | D:4      | Reached XP level 6. HP: 20/32 MP: 5/12
  5918 | D:4      | Killed from afar by an orc priest

Illustrated notes

Levels and vault maps discovered:
D:1:      minmay_arrival_floating_metal, layout_basic,
          shapermc_ecumenical_altar_rom_forum, serial_shops,
          nicolae_shop_statue_plus
D:2:      layout_loops_ring, basic_altar, minmay_tetromino_s2
D:3:      minmay_recursive_quarters, layout_loops_corners, minitemple,
          kennysheep_minor_cross
D:4:      layout_loops_corners, mainiacjoe_overflow_catwalk,
          minmay_temple_entry_sparse_star

Skill      XL: |  1  2  3  4  5 |
---------------+----------------+-----
Conjurations   | 2 3 |  3.6
Air Magic      | 5 6 |  6.3
Spellcasting   | 3 |  3.9
Dodging        | |  2.2
Stealth        | |  2.1

Action                   |  1- 3 |  4- 6 || total
-------------------------+-------+-------++-------
Melee: Unarmed           |    19 |    43 ||    62
       Kick              |     6 |    13 ||    19
       Peck              |     8 |     5 ||    13
       Punch             |       |     1 ||     1
 Cast: Shock             |    18 |    12 ||    30
       Static Discharge  |    25 |    48 ||    73
 Stab: Sleeping          |     1 |       ||     1
Armor: Robe              |     8 |    30 ||    38
Dodge: Dodged            |    33 |    85 ||   118
